Map: Orbital Shipyard

Players

LilDicky

  • Race: Terran Terran
  • League: Diamond

Arquill - Winner!

  • Race: Terran Terran

VOD

http://www.twitch.tv/tumescentpie

Description

Time

  • Played on: Nov. 22, 2015, 7:12 p.m.
  • Length: 6:03
Show
View Real Time Build Order
Export as new Build Order

LilDicky Terran 

Build Orders: 1/1/1, Banshee Rush 

Get SALT Encoding   

  12  0:01  SCV  
  13  0:13  SCV  
  14  0:18  Supply Depot  
  14  0:25  SCV  
  15  0:30  Refinery  
  15  0:40  SCV  
  16  0:45  Barracks  
  16  0:52  SCV  
  17  1:04  SCV  
  18  1:16  SCV  
  19  1:28  SCV  
  19  1:31  Marine  
  21  1:35  Supply Depot  
  21  1:41  Factory  
  21  1:42  Orbital Command  
  21  1:49  Marine  
  22  1:54  Refinery  
  22  2:07  Marine  
  23  2:16  SCV  
  24  2:25  Marine  
  24  2:27  Factory Tech Lab  
  24  2:28  SCV  
  24  2:29  Starport  
  26  2:49  Marine  
  26  2:50  SCV  
  28  3:01  Engineering Bay  
  28  3:02  SCV, Widow Mine  
  30  3:07  Marine  
  31  3:16  Cloaking Field  
  31  3:22  Banshee, Supply Depot  
  31  3:25  Marine  
  33  3:34  Widow Mine  
  33  3:41  Missile Turret  
  35  3:42  SCV  
  35  3:46  Marine  
  37  3:54  SCV  
  38  3:56  Command Center  
  38  4:03  Factory Tech Lab  
  38  4:04  Marine  
  38  4:06  SCV  
  40  4:14  Banshee  
  43  4:18  SCV  
  43  4:23  Supply Depot  
  44  4:30  SCV  
  45  4:41  Barracks Reactor  
  45  4:42  Supply Depot  
  45  4:45  SCV, Siege Tank  
  49  5:02  SCV  
  50  5:25  SCV  
  51  5:28  Orbital Command  
  53  5:38  SCV  
  53  5:39  Starport  
  54  5:49  Refinery  
  54  5:50  Refinery  
Show
View Real Time Build Order
Export as new Build Order

Arquill Terran - Winner!

Build Orders: Reaper Expand 

Get SALT Encoding   

  12  0:00  SCV  
  13  0:13  SCV  
  14  0:17  Supply Depot  
  14  0:25  SCV  
  15  0:39  SCV, Barracks  
  16  0:43  Refinery  
  16  0:51  SCV  
  17  1:03  SCV  
  18  1:15  SCV  
  19  1:27  Reaper  
  19  1:28  Orbital Command  
  20  1:48  Command Center  
  20  1:54  Supply Depot  
  20  1:56  SCV  
  20  1:59  Reaper  
  22  2:06  Refinery  
  21  2:08  SCV  
  22  2:20  SCV  
  23  2:32  SCV  
  23  2:34  Factory  
  24  2:39  Barracks Reactor  
  24  2:44  SCV  
  25  2:57  SCV  
  27  3:10  SCV  
  27  3:12  Orbital Command  
  27  3:19  Starport  
  27  3:22  SCV  
  28  3:33  Engineering Bay  
  26  3:35  SCV  
  26  3:36  Widow Mine  
  26  3:39  Hellion, Marine  
  32  3:42  SCV  
  32  3:46  Supply Depot  
  32  3:47  SCV  
  34  3:54  SCV  
  35  3:56  Viking  
  35  3:59  Marine  
  35  4:00  Supply Depot, Hellion  
  35  4:01  SCV  
  41  4:06  Hellion  
  41  4:07  SCV  
  44  4:11  Missile Turret  
  44  4:12  Missile Turret  
  44  4:16  Marine  
  45  4:21  SCV  
  45  4:22  Hellion  
  48  4:28  Supply Depot  
  48  4:33  Starport Tech Lab  
  48  4:34  Marine  
  48  4:35  SCV x2  
  53  4:46  Hellion x2  
  55  4:58  SCV x2  
  55  5:10  SCV x2  
  55  5:13  Hellion x2, Barracks  
  55  5:14  Missile Turret, Barracks  
  59  5:22  SCV x2  
  59  5:27  Marine  
  61  5:34  SCV x2  
  62  5:46  SCV x2  
Tags
 
Add a new tag
Caveats
  • Supply blocks, unpowered buildings, or Contaminate may cause inaccurate times.
  • Supply counts are checked every 10 seconds.